 Dungeon Crawl Stone Soup version 0.30-b1-2-g02819fbbbe (webtiles) character file.

Game seed: 13434668556773082401

232608 Flugkiller the Warrior (level 18, 0/178 HPs)
             Began as a Minotaur Fighter on May 8, 2023.
             Was the Champion of Cheibriados.
             Killed from afar by Nikola (52 damage)
             ... with an arc of chain lightning
             ... on level 2 of the Depths.
             The game lasted 00:17:42 (30284 turns).

Flugkiller the Warrior (Minotaur Fighter)          Turns: 30284, Time: 00:17:42

Health: 0/178      AC: 36    Str: 37    XL:     18   Next: 39%
Magic:  0/25       EV: 23    Int: 23    God:    Cheibriados [******]
Gold:   4762       SH: 25    Dex: 37    Spells: 17/17 levels left

rFire   + + .        M - +1 war axe (drain)
rCold   + + .        j - +0 tower shield
rNeg    + . .        T - +5 plate armour {rF+}
rPois   +            i - +2 hat
rElec   +            B - +2 cloak
rCorr   .            b - +1 pair of gloves "Zieth" {Will+ Str-3 Dex+2 Stlth+}
SInv    +            m - +2 pair of boots
Will    +++..        N - amulet "Kesuedghypi" {Spirit Drain rElec Int+3 Dex+5} Stlth
                     U - ring of the Hero {rF+ rC++ rN+ Dex-3 SInv}
HPRegen 0.49/turn    I - ring of Xampip {rPois Will+ Dex+4}
MPRegen 0.19/turn

%: guardian spirit
@: very slow
A: horns 2, retaliatory headbutt
}: 2/15 runes: barnacled, gossamer
a: Renounce Religion, Bend Time, Temporal Distortion, Slouch, Step From Time


You were on level 2 of the Depths.
You worshipped Cheibriados.
Cheibriados was exalted by your worship.
You visited 7 branches of the dungeon, and saw 33 of its levels.
You visited the Abyss 1 time.

You collected 6083 gold pieces.
You spent 1321 gold pieces at shops.

Inventory:

Hand Weapons
 a - a +0 war axe of flaming
 J - a +2 flail of distortion
   (You took it off a gnoll on level 3 of the Dungeon)
 M - a +1 war axe of draining (weapon)
   (You found it on level 8 of the Dungeon)
Missiles
 D - 4 throwing nets (quivered)
Armour
 b - the +1 pair of gloves "Zieth" (worn) {Will+ Str-3 Dex+2 Stlth+}
   (You acquired it on level 3 of the Dungeon)

   Str:       It affects your strength (-3).
   Dex:       It affects your dexterity (+2).
   Will:      It increases your willpower.
   Stlth:     It makes you more stealthy.
 e - a +0 plate armour
   (You found it on level 3 of the Dungeon)
 i - a +2 hat (worn)
   (You found it on level 4 of the Spider Nest)
 j - a +0 tower shield (worn)
   (You found it on level 4 of the Dungeon)
 m - a +2 pair of boots (worn)
   (You found it on level 2 of the Dungeon)
 B - a +2 cloak (worn)
   (You took it off Crazy Yiuf on level 7 of the Dungeon)
 T - a +5 plate armour of fire resistance (worn)
   (You bought it in a shop on level 2 of the Orcish Mines)
Jewellery
 p - an amulet of faith
   (You found it on level 4 of the Shoals)
 v - a +5 ring of evasion
   (You found it on level 13 of the Dungeon)
 I - the ring of Xampip (right hand) {rPois Will+ Dex+4}
   (You found it on level 8 of the Dungeon)

   [ring of poison resistance]

   Dex:       It affects your dexterity (+4).
   rPois:     It protects you from poison.
   Will:      It increases your willpower.
 N - the amulet "Kesuedghypi" (around neck) {Spirit Drain rElec Int+3 Dex+5}
   (You found it on level 5 of the Lair of Beasts)

   [amulet of guardian spirit]

   It causes incoming damage to be divided between your reserves of health and
   magic.
   Int:       It affects your intelligence (+3).
   Dex:       It affects your dexterity (+5).
   rElec:     It insulates you from electricity.
   Drain:     It drains your maximum health when unequipped.
 U - the ring of the Hero (left hand) {rF+ rC++ rN+ Dex-3 SInv}
   (You took it off an ogre mage on level 8 of the Dungeon)

   [ring of protection from fire]

   Dex:       It affects your dexterity (-3).
   rF:        It protects you from fire.
   rC:        It greatly protects you from cold.
   rN:        It protects you from negative energy.
   SInv:      It lets you see invisible.
Wands
 g - a wand of digging (4)
   (You found it on level 5 of the Lair of Beasts)
 s - a wand of mindburst (28)
   (You took it off a gnoll on level 3 of the Dungeon)
 y - a wand of paralysis (25)
   (You found it on level 6 of the Dungeon)
 K - a wand of iceblast (60)
   (You found it on level 8 of the Dungeon)
Scrolls
 f - 5 scrolls of immolation
 l - 2 scrolls of magic mapping
 o - 2 scrolls of fear
 r - 13 scrolls of identify
 t - 4 scrolls of teleportation
 u - a scroll of silence
 x - 6 scrolls of vulnerability
 z - 4 scrolls of blinking
 O - 5 scrolls of enchant weapon
 P - 3 scrolls of fog
Potions
 c - a potion of lignification
 d - 7 potions of might
 h - 6 potions of haste
 k - 4 potions of ambrosia
 n - a potion of berserk rage
 q - 10 potions of curing
 w - a potion of heal wounds
 A - 3 potions of invisibility
 E - 5 potions of magic
 F - 5 potions of attraction
 G - 3 potions of cancellation
 R - a potion of flight
 S - 7 potions of mutation
Miscellaneous
 C - a tin of tremorstones (1/2)
   (You found it on level 13 of the Dungeon)
 L - a phantom mirror
   (You found it on level 4 of the Lair of Beasts)


   Skills:
 * Level 19.6 Fighting
 * Level 19.3 Axes
 * Level 19.5 Armour
 + Level 12.4 Dodging
 + Level 14.4 Shields
 + Level 11.5 Invocations


You had 17 spell levels left.
You didn't know any spells.
Your spell library was empty.

Dungeon Overview and Level Annotations

Branches:
Dungeon (15/15)            Temple (1/1) D:4            Lair (5/5) D:10
 Shoals (4/4) Lair:3       Spider (4/4) Lair:3        Slime (0/5) Lair:4
    Orc (2/2) D:9             Elf (0/3) Orc:2        Vaults (0/5) D:13
 Depths (2/4) D:15

Altars:
Ashenzari
Cheibriados
Dithmenos
Elyvilon
Fedhas
Gozag
Hepliaklqana
Kikubaaqudgha
Makhleb
Nemelex Xobeh
Okawaru
Qazlal
Ru
Sif Muna
Trog
Uskayaw
Vehumet
Wu Jian
Xom
Yredelemnul
Zin
The Shining One
Jiyva

Shops:
D:1 *   D:8 *   D:10 ?   Orc:2 *![(

Portals:
Abyss: Depths:1

Annotations:
D:10 exclusions: hell hound and 1 more exclusion
Shoals:1 1 runed translucent door, MirrMurr's ghost, adept GrBe
Depths:2 Nikola


Innate Abilities, Weirdness & Mutations

You have a pair of horns on your head.
You reflexively headbutt those who attack you in melee.


Message History

The large rock hits you but does no damage.
You slice the wizard!!
You kill the wizard!
Cheibriados appreciates the change of pace.
You slash Nikola!
You hear a shout!
You block Nikola's attack.
You hit Nikola. You drain Nikola.
Nikola is lightly wounded.
You completely miss the spriggan air mage.
You block the spriggan air mage's attack.
You block Nikola's attack.
You closely miss the spriggan air mage. You headbutt the spriggan air mage.
The spriggan air mage is lightly wounded.
You slash Nikola! You drain Nikola.
You block the spriggan air mage's attack.
Nikola casts a spell.
Nikola blinks!
A frost giant comes into view.
It is wielding a +0 battleaxe of freezing.
You hit the spriggan air mage.
You headbutt the spriggan air mage, but do no damage.
The spriggan air mage is moderately wounded.
You slice the stone giant!!
The spriggan air mage points at you and mumbles some strange words.
The bolt of lightning misses you.
You hear a deafening roar!
You hear a shout!
You barely miss the spriggan air mage.
Your headbutt misses the spriggan air mage.
The spriggan air mage is moderately wounded.
You hit the stone giant but do no damage.
You block the stone giant's attack.
You hit the stone giant but do no damage.
You headbutt the stone giant.
The stone giant is moderately wounded.
You completely miss the spriggan air mage.
The spriggan air mage misses you. You furiously retaliate!
You headbutt the spriggan air mage. You block the stone giant's attack.
You slash the stone giant!
The stone giant is heavily wounded.
You hit the spriggan air mage. You drain the spriggan air mage.
The spriggan air mage waves its arms in wide circles.
The air twists around and strikes you!! You block the stone giant's attack.
You slice the stone giant!!
The stone giant is severely wounded.
You slice the spriggan air mage!!
The spriggan air mage waves its arms in wide circles.
The air twists around and strikes you.
The stone giant hits you but does no damage.
You can feel time thicken for a moment.
You kill the spriggan air mage!
Cheibriados thoroughly appreciates the change of pace.
The frost giant casts a spell at you. The bolt of cold hits you! You resist.
Nikola casts a spell.
Lightning arcs from Nikola's hands!
The bolt of lightning hits the frost giant!!
The bolt of lightning hits the stone giant!!
The stone giant dies!
The bolt of lightning hits you!!! You resist.
The bolt of lightning hits Nikola!
You hear an angry buzzing noise.
You hear a deafening roar!
You hear a shout!
You hear a horrible gurgling sound!
You hear a shout!
You hear two shouts!
You can feel time thicken for a moment.
The frost giant gestures at you while chanting.
The bolt of cold hits you. You resist.
Okay, then.
Okay, then.
You slice Nikola!! You drain Nikola!
Nikola is severely wounded.
You slice Nikola!! You drain Nikola! Your headbutt misses Nikola.
Nikola is almost dead.
An ice dragon comes into view.
Nikola casts a spell.
Lightning arcs from Nikola's hands!
The bolt of lightning hits the ice dragon!!!
The bolt of lightning hits Nikola!
The bolt of lightning hits the frost giant!!
The frost giant dies!
The bolt of lightning hits you!! You resist.
* * * LOW HITPOINT WARNING * * *
You hear a shout!
You hit Nikola. You headbutt Nikola!
Nikola is almost dead.
Nikola gestures at you while chanting. The bolt of lightning hits you!
You resist.
* * * LOW HITPOINT WARNING * * *
A spriggan comes into view.
It is wielding a +4 vampiric quick blade.
You hear a shout!
You feel much better.
Nikola hits you with a +0 rapier of electrocution.
* * * LOW HITPOINT WARNING * * *
You hit Nikola but do no damage.
Nikola is almost dead.
Nikola casts a spell.
Nikola blinks!
Okay, then.
Nikola casts a spell.
Lightning arcs from Nikola's hands!
The bolt of lightning hits you!!! You resist.
You die...

.....# ## ## ....:# .. .
.....# ...♣ .....# .♣.♣
.....# ...♣♣♣♣ #....#
.......
#....#############)i.####
.................§D......
.##..###.>...###@####..##
##..###.........@.[...#
##..###..♣♣♣..#########
##.....♣# #♣.# #####.♣ .#
#.♣ .# ... .# .... ......


You could see Nikola (drained), an ice dragon and a spriggan.

Vanquished Creatures
  Arachne (Spider:2)
  A bone dragon (D:13)
  Jorgrun (Spider:1)
  A kraken (Shoals:4)
  Agnes (Spider:4)
  A storm dragon (D:13)
  2 sphinxes
  Donald (Spider:4)
  4 frost giants
  A ghost moth (Spider:1)
  A fire giant (Depths:1)
  6 emperor scorpions
  A broodmother (Spider:2)
  2 orc warlords
  4 stone giants
  9 very ugly things
  Nessos (Lair:3)
  The ghost of Darubir the Skirmisher, a journeyman CeHs of Okawaru (Lair:5)
  5 ettins
  2 fire dragons
  7 merfolk impalers (Shoals:4)
  An entropy weaver (Spider:4)
  4 merfolk javelineers (Shoals:4)
  Josephine (Spider:1)
  Fannar (Lair:3)
  An ice dragon (Depths:2)
  8 hydras
  Harold (D:9)
  2 catoblepae
  A jorogumo (Spider:4)
  5 ogre magi
  An anaconda (Lair:5)
  A merfolk avatar (Shoals:4)
  2 merfolk aquamancers (Shoals:4)
  2 radroaches
  An alligator snapping turtle (Shoals:4)
  2 spriggan air magi
  6 centaur warriors
  18 two-headed ogres
  4 boulder beetles
  4 tengu warriors
  5 death yaks (Lair:4)
  3 satyrs (Shoals:4)
  7 death scarabs (Spider:4)
  An orc high priest (Orc:1)
  Urug (Orc:1)
  5 skysharks
  7 pharaoh ants
  4 sea snakes
  Nergalle (Orc:1)
  2 iron trolls
  A deep troll (Orc:2)
  2 sun moths
  3 orb spiders
  A swamp dragon (Lair:5)
  2 glowing orange brains
  A flayed ghost (D:13)
  A spectral jorogumo (Spider:4)
  6 steelbarb worms
  3 wizards
  2 spectral wolf spiders (Spider:4)
  4 orc knights
  A lindwurm (Lair:3)
  2 wolf spider zombies (D:13)
  11 harpies (Shoals:4)
  23 ugly things
  2 deep elf pyromancers
  A harpy (shapeshifter) (D:13)
  2 orc sorcerers
  14 wolf spiders
  8 cyclopes
  11 manticores
  3 fauns (Shoals:4)
  7 elephants
  3 moths of wrath
  3 black mambas
  Joseph (D:7)
  5 torpor snails
  3 merfolk sirens
  6 water nymphs (Shoals:4)
  6 centaur zombies (D:13)
  A smoke demon (Abyss:1)
  Maggie (D:7)
  3 gargoyles
  9 cane toads
  3 komodo dragons
  9 centaur skeletons (D:13)
  A spectral redback (Spider:4)
  An unseen horror (D:11)
  A yaktaur (D:13)
  2 tengu conjurers
  4 rime drakes
  An efreet (D:13)
  A redback zombie (Spider:4)
  2 freezing wraiths
  13 trolls
  4 meliai
  A hornet (D:8)
  3 spectral jumping spiders (Spider:4)
  14 merfolk
  2 wind drakes
  9 polar bears (Lair:5)
  2 spectral tarantellas (Spider:4)
  9 blink frogs
  A meliai zombie (D:13)
  A blink frog (shapeshifter) (D:13)
  Grinder (D:4)
  17 tarantellas
  3 raiju (Lair:5)
  10 snapping turtles
  2 jumping spider zombies (Spider:4)
  A tarantella zombie (Spider:4)
  A dream sheep (Lair:5)
  22 jumping spiders
  A culicivora (shapeshifter) (D:13)
  15 culicivoras
  2 shadows (D:11)
  6 water elementals (Shoals:4)
  4 slime creatures (D:14)
  41 yaks
  2 vampires
  3 wyverns
  Grum (D:11)
  10 wraiths
  Eustachio (D:4)
  5 basilisks
  3 fire bats (Lair:4)
  28 redbacks
  8 vampire mosquitoes
  3 steam dragons (Lair:5)
  Menkaure (D:4)
  8 wargs
  2 acid dragons
  15 water moccasins
  14 hell hounds (Lair:5)
  2 swamp drakes (Lair:5)
  30 orc warriors
  2 ice beasts
  A sky beast (D:7)
  14 black bears
  28 ogres
  29 wolves
  5 centaurs
  Blork the orc (D:5)
  A gnoll sergeant (D:9)
  11 bullfrogs
  6 kobold brigands
  2 scorpions
  10 killer bees
  2 howler monkeys (D:5)
  4 electric eels
  2 lava snakes (Lair:4)
  13 orc priests
  A hound (D:3)
  7 iguanas
  Crazy Yiuf (D:7)
  A gnoll bouda (D:7)
  25 orc wizards
  5 hell rats (Lair:4)
  2 boggart skeletons (D:13)
  11 gnolls
  9 adders
  A shadow imp (D:6)
  A white imp (D:6)
  An ufetubus (D:4)
  2 worms
  3 dart slugs
  65 orcs
  7 bats
  An endoplasm (D:4)
  8 giant cockroaches
  9 goblins
  7 hobgoblins
  2 jackals (D:5)
  2 quokkas
  2 ball pythons
  2 frilled lizards
  28 kobolds
  2 rats (D:1)
  A tentacle (Shoals:4)
990 creatures vanquished.

Vanquished Creatures (others)
  A frost giant (Depths:2)
  A spriggan defender (Depths:2)
  A stone giant (Depths:2)
  A merfolk aquamancer (Shoals:4)
  A deep elf pyromancer (D:15)
  A hornet (Depths:2)
  A spriggan (Depths:2)
  A killer bee (Lair:3)
  13 fungi
  66 plants
  5 tentacles (Shoals:4)
  2 withered plants (Lair:5)
94 creatures vanquished.

Grand Total: 1084 creatures vanquished

Notes
Turn   | Place    | Note
-------+----------+-------------------------------------------
     0 | D:1      | Flugkiller the Minotaur Fighter began the quest for the
                  | Orb.
     0 | D:1      | Reached XP level 1. HP: 19/19 MP: 0/0
    59 | D:1      | Found a faded altar of an unknown god.
   378 | D:1      | Found Ashrosoq's Assorted Antiques.
   393 | D:1      | Reached XP level 2. HP: 27/27 MP: 1/1
   966 | D:2      | Reached XP level 3. HP: 33/33 MP: 2/2
  1530 | D:3      | Reached XP level 4. HP: 40/41 MP: 3/3
  1745 | D:3      | Identified a scroll of acquirement
  1750 | D:3      | Acquired the +1 pair of gloves "Zieth" {Will+ Str-3 Dex+2
                  | Stlth+}
  1779 | D:3      | Reached XP level 5. HP: 47/47 MP: 4/4
  1962 | Abyss:1  | Cast into level 1 of the Abyss (gnoll)
  1975 | Abyss:1  | Found a corrupted altar of Lugonu.
  1998 | Abyss:1  | Noticed a smoke demon
  2006 | Abyss:1  | Killed a smoke demon
  2007 | Abyss:1  | Reached skill level 5 in Fighting
  2007 | Abyss:1  | Reached skill level 5 in Axes
  2007 | Abyss:1  | Reached skill level 5 in Armour
  2007 | Abyss:1  | Reached XP level 6. HP: 50/57 MP: 5/5
  2009 | D:3      | Escaped the Abyss
  2522 | D:4      | Found a staircase to the Ecumenical Temple.
  2564 | Temple   | Entered the Ecumenical Temple
  2860 | Temple   | Became a worshipper of Cheibriados the Contemplative
  3039 | D:4      | Noticed Grinder
  3049 | D:4      | Killed Grinder
  3050 | D:4      | Reached skill level 5 in Shields
  3050 | D:4      | Reached XP level 7. HP: 59/63 MP: 6/6
  3099 | D:4      | Noticed Menkaure
  3102 | D:4      | Killed Menkaure
  3103 | D:4      | Reached skill level 1 in Invocations
  3466 | D:4      | Noticed Eustachio
  3489 | D:4      | Killed Eustachio
  3602 | D:4      | Reached XP level 8. HP: 71/71 MP: 8/8
  3623 | D:5      | Entered Level 5 of the Dungeon
  3635 | D:5      | Noticed Blork the orc
  3641 | D:5      | Killed Blork the orc
  3951 | D:5      | Reached skill level 1 in Dodging
  4452 | D:5      | Reached * piety under Cheibriados
  4457 | D:5      | Found an opulent altar of Gozag.
  5025 | D:6      | Found a stormy altar of Qazlal.
  5047 | D:6      | Reached XP level 9. HP: 81/81 MP: 10/10
  5222 | D:6      | Found a hazy altar of Hepliaklqana.
  5566 | D:7      | Reached ** piety under Cheibriados
  5700 | D:7      | Noticed Joseph
  5713 | D:7      | Killed Joseph
  6041 | D:7      | Found a burning altar of Makhleb.
  6045 | D:7      | Found a glowing silver altar of Zin.
  6045 | D:7      | Noticed an angel
  6046 | D:7      | Noticed a cacodemon
  6162 | D:7      | Identified the +1 robe of Negation {+Blink rF+++ rC-
                  | Regen+}
  6482 | D:7      | Found a runed translucent door.
  6483 | D:7      | Noticed Crazy Yiuf
  6508 | D:7      | Noticed Maggie
  6524 | D:7      | Killed Maggie
  7224 | D:7      | Killed Crazy Yiuf
  7379 | D:8      | Reached XP level 10. HP: 91/91 MP: 11/11
  7449 | D:8      | Noticed a deep elf pyromancer
  7449 | D:8      | Noticed an orc knight
  7449 | D:8      | Noticed a centaur warrior
  7450 | D:8      | Found a runed translucent door.
  7452 | D:8      | Noticed an eight-headed hydra
  7452 | D:8      | Noticed a cyclops
  7452 | D:8      | Noticed a boulder beetle
  7452 | D:8      | Identified the ring of the Hero {rF+ rC++ rN+ Dex-3 SInv}
  7452 | D:8      | Noticed an ogre mage
  7452 | D:8      | Noticed a boulder beetle
  7545 | D:8      | Found Josoegely's Assorted Antiques.
  7548 | D:8      | Bought a fuming brown potion for 26 gold pieces
  7548 | D:8      | Bought 2 metallic ruby potions for 52 gold pieces
  7548 | D:8      | Bought a metallic puce potion for 26 gold pieces
  7955 | D:8      | Reached *** piety under Cheibriados
  8291 | D:8      | Killed a centaur warrior
  8293 | D:8      | Killed a cyclops
  8299 | D:8      | Killed a three-headed hydra
  8300 | D:8      | Reached skill level 10 in Fighting
  8300 | D:8      | Reached skill level 10 in Armour
  8305 | D:8      | Killed an orc knight
  8311 | D:8      | Paralysed by an ogre mage for 4 turns
  8315 | D:8      | Killed an ogre mage
  8316 | D:8      | Reached skill level 10 in Axes
  8624 | D:8      | Killed a boulder beetle
  8698 | D:8      | Killed a deep elf pyromancer
  8699 | D:8      | Reached skill level 5 in Dodging
  8699 | D:8      | Reached XP level 11. HP: 73/101 MP: 13/13
  8722 | D:8      | Killed a boulder beetle
  8723 | D:8      | Reached skill level 5 in Invocations
  8789 | D:8      | Identified the ring of Xampip {rPois Will+ Dex+4}
  8919 | D:9      | Found a staircase to the Orcish Mines.
  8921 | D:9      | Noticed Harold
  8940 | D:9      | Killed Harold
  9166 | D:9      | Reached **** piety under Cheibriados
  9412 | D:9      | Noticed a two-headed ogre
  9425 | D:9      | Killed a two-headed ogre
  9872 | D:10     | Entered Level 10 of the Dungeon
 10204 | D:10     | Reached ***** piety under Cheibriados
 10281 | D:10     | Found a staircase to the Lair.
 10550 | D:10     | Found Oluzofok's Magic Scroll Shoppe.
 10563 | D:10     | Bought a scroll of blinking for 97 gold pieces
 10563 | D:10     | Bought a scroll of enchant armour for 97 gold pieces
 10563 | D:10     | Bought a scroll of enchant armour for 97 gold pieces
 11106 | D:11     | Noticed Grum
 11114 | D:11     | Killed Grum
 11341 | D:11     | Reached XP level 12. HP: 112/112 MP: 15/15
 11341 | D:11     | Noticed a two-headed ogre
 11347 | D:11     | Killed a two-headed ogre
 11351 | D:11     | Found a broken altar of Ashenzari.
 11991 | D:12     | Noticed a boulder beetle
 11999 | D:12     | Killed a boulder beetle
 13299 | D:13     | Noticed a centaur warrior
 13314 | D:13     | Killed a centaur warrior
 13580 | D:13     | Noticed a centaur warrior
 13587 | D:13     | Killed a centaur warrior
 13603 | D:13     | Noticed a frost giant
 13605 | D:13     | Noticed a frost giant
 13610 | D:13     | Noticed a storm dragon
 13612 | D:13     | HP: 1/115 [frost giant/+2 battleaxe of freezing (21)]
 13934 | Lair:1   | Entered Level 1 of the Lair of Beasts
 13989 | Lair:1   | Identified the +2 whip of Xain {heavy, rElec}
 14205 | Lair:1   | Identified the +0 plate armour "Ycosub" {rF+}
 14544 | Lair:2   | Noticed an eight-headed hydra
 14550 | Lair:2   | Killed a four-headed hydra
 14619 | Lair:2   | Reached XP level 13. HP: 122/122 MP: 17/17
 14675 | Lair:2   | Reached skill level 10 in Shields
 14938 | Lair:2   | Identified the +5 mace "Eviscerator" {freeze, *Corrode
                  | Str+3}
 15521 | Lair:3   | Noticed Nessos
 15523 | Lair:3   | Noticed Fannar
 15529 | Lair:3   | Killed Nessos
 15545 | Lair:3   | Killed Fannar
 15783 | Lair:3   | Found a hole to the Spider Nest.
 15996 | Lair:3   | Found a glowing silver altar of Zin.
 16051 | Lair:3   | Found a staircase to the Shoals.
 16604 | Lair:4   | Found a staircase to the Slime Pits.
 16608 | Lair:4   | Found a viscous altar of Jiyva.
 16984 | Lair:4   | Reached XP level 14. HP: 131/133 MP: 18/18
 17403 | Lair:4   | Reached ****** piety under Cheibriados
 17768 | Lair:5   | Entered Level 5 of the Lair of Beasts
 18007 | Lair:5   | Found a runed translucent door.
 18008 | Lair:5   | Noticed Darubir's ghost (journeyman CeHs)
 18077 | Lair:5   | Reached skill level 15 in Fighting
 18104 | Lair:5   | Killed Darubir's ghost
 18108 | Lair:5   | Identified the amulet "Kesuedghypi" {Spirit Drain rElec
                  | Int+3 Dex+5}
 18244 | Lair:5   | Reached skill level 15 in Armour
 18909 | Lair:5   | Reached skill level 15 in Axes
 19504 | D:13     | Killed a storm dragon
 19514 | D:13     | Killed a frost giant
 19868 | D:13     | Killed a frost giant
 20211 | D:13     | Found a gate to the Vaults.
 20483 | D:13     | Reached XP level 15. HP: 141/143 MP: 18/20
 20596 | D:13     | Found the +9 sword of Zonguldrok {reap}
 20596 | D:13     | Noticed a bone dragon
 20633 | D:13     | Killed a bone dragon
 21327 | D:14     | Found a shadowy altar of Dithmenos.
 21614 | D:15     | Entered Level 15 of the Dungeon
 21716 | D:15     | Found a radiant altar of Vehumet.
 22059 | D:15     | Found a staircase to the Depths.
 22065 | D:15     | Reached skill level 10 in Dodging
 22929 | Orc:1    | Entered Level 1 of the Orcish Mines
 22933 | Orc:1    | Noticed Urug
 22944 | Orc:1    | Killed Urug
 22959 | Orc:1    | Noticed Nergalle
 22969 | Orc:1    | Killed Nergalle
 23481 | Orc:2    | Entered Level 2 of the Orcish Mines
 23550 | Orc:2    | Found a staircase to the Elven Halls.
 23977 | Orc:2    | Found Umahul's Weapon Shoppe.
 23996 | Orc:2    | Reached XP level 16. HP: 140/155 MP: 19/22
 24028 | Orc:2    | Found Rytzow's Antique Armour Emporium.
 24059 | Orc:2    | Found Karoosott's Distillery.
 24068 | Orc:2    | Found Poischafee's Assorted Antiques.
 24072 | Orc:2    | Bought a potion of heal wounds for 75 gold pieces
 24072 | Orc:2    | Bought a potion of curing for 45 gold pieces
 24274 | Orc:2    | Bought a glowing plate armour for 806 gold pieces
 24284 | Orc:2    | Acquired 889 gold pieces
 24592 | Spider:1 | Entered Level 1 of the Spider Nest
 24729 | Spider:1 | Noticed Josephine
 24737 | Spider:1 | Killed Josephine
 24773 | Spider:1 | Noticed Jorgrun
 24784 | Spider:1 | Killed Jorgrun
 24845 | Spider:1 | Reached skill level 10 in Invocations
 25585 | Spider:2 | Noticed Arachne
 25599 | Spider:2 | Killed Arachne
 26410 | Spider:4 | Entered Level 4 of the Spider Nest
 26446 | Spider:4 | Noticed Agnes
 26454 | Spider:4 | Killed Agnes
 26524 | Spider:4 | Noticed Donald
 26537 | Spider:4 | Killed Donald
 26662 | Spider:4 | Reached XP level 17. HP: 141/162 MP: 19/23
 27017 | Spider:4 | Got a gossamer rune of Zot
 27186 | Shoals:1 | Entered Level 1 of the Shoals
 27216 | Shoals:1 | Found a runed translucent door.
 27216 | Shoals:1 | Found a shimmering altar of Xom.
 27216 | Shoals:1 | Noticed MirrMurr's ghost (adept GrBe)
 27347 | Shoals:4 | Entered Level 4 of the Shoals
 28424 | Shoals:4 | Noticed a kraken
 28446 | Shoals:4 | Killed a kraken
 28668 | Shoals:4 | Got a barnacled rune of Zot
 29115 | Depths:1 | Entered Level 1 of the Depths
 29183 | Depths:1 | Reached XP level 18. HP: 164/176 MP: 22/25
 29300 | Depths:1 | Found a one-way gate to the infinite horrors of the Abyss.
 29854 | Depths:1 | Found a glowing silver altar of Zin.
 30257 | Depths:2 | Noticed Nikola
 30284 | Depths:2 | Killed from afar by Nikola

Illustrated notes

Levels and vault maps discovered:
D:1:      roderic_octagonal_star, layout_basic, serial_shops,
          nicolae_shop_real_fake_doors, ebering_ecumenical_altar_box,
          chequers_big_river
D:2:      layout_basic, st_stairs_8, fountainhead, small_statue_intersection
D:3:      wander_river, layout_loops_ring, hangedman_decor_opposing,
          grunt_ministairs_3
D:4:      layout_basic, minmay_temple_entry_mist, dreamdust_mushroom_princess,
          ebering_dispersal_statue_hall, kennysheep_generic_room_6,
          uniq_menkaure, uniq_eustachio, uniq_grinder
D:5:      layout_gridville, nicolae_overflow_crystal_walls, uniq_blork_the_orc
D:6:      layout_rooms, nzn_hepliaklqana_mist_gate, grunt_qazlal_clouds,
          grunt_ministairs_10, nicolae_hexahallways
D:7:      layout_layer_cave, grunt_temple_overflow_order_and_chaos_2,
          uniq_maggie, uniq_joseph, uniq_crazy_yiuf_cottage
D:8:      minmay_gate_of_8, layout_basic, serial_shops,
          nicolae_shop_tiny_real_fake_doors
D:9:      layout_loops_ring, david_orc_3, lightli_fourway_metalbox, uniq_harold
D:10:     layout_layer_cave, grunt_lair_entry_orc_guard_hut, serial_shops,
          kennysheep_mini, eino_small_chamber_without_monster,
          minmay_rotating_lava
D:11:     layout_loops_cross, ashenzari_conservatory_becter, uniq_grum
D:12:     layout_basic, minmay_misc_feat_encased
D:13:     minmay_textured_paths, layout_small_grid, david_vaults_4,
          minmay_guarded_unrand_zonguldrok
D:14:     layout_basic, serial_aquarium, aquarium_bridge_square
          [aquarium_subvault_balcony, aquarium_subvault_bridge,
          aquarium_subvault_bridge, aquarium_subvault_window],
          aquarium_bridge_long_joined [aquarium_subvault_bridge,
          aquarium_subvault_wall, aquarium_subvault_wall,
          aquarium_subvault_balcony, aquarium_subvault_balcony,
          aquarium_subvault_wall], aquarium_window_fake, aquarium_window_2,
          aquarium_view_2d, aquarium_view_2d, aquarium_pool_four,
          grunt_dithmenos_smoke
D:15:     grunt_enter_depths_giant_problem, layout_small_grid,
          nicolae_vehumet_altar_sigil
Temple:   minmay_temple_bridge_d
Lair:1:   layout_roguey, eino_small_chamber_without_monster
Lair:2:   layout_gridlike, serial_bayou_shore_a, lemuel_fruit_tree
Lair:3:   layout_gridlike, minmay_shoals_entry_beasts,
          hellmonk_spider_entry_not_the_bees, basic_altar, portal_ice_cave_rime,
          serial_bayou_lake_a, lemuel_fruit_fields, uniq_fannar, uniq_nessos
Lair:4:   layout_gridlike, slime_entry_1, st_stairs_6, minmay_shattered_shrine,
          lemuel_fruit_fields, grunt_megastairs_2
Lair:5:   guppyfry_lair_end_dragon, layout_cellular_growth,
          hangedman_lair_caniforms_friends, gammafunk_ghost_grave
Shoals:1: layout_shoals, ebering_ghost_xom
Shoals:2: layout_shoals, serial_shops, nicolae_lakefront_shop, shop, shop,
          minmay_shop_mass, uniq_mlioglotl
Shoals:3: layout_shoals, nicolae_shoals_this_corrosion, uniq_ilsuiw
Shoals:4: shoals_end_hangedman, layout_shoals
Spider:1: nicolae_spider_hilbert_zone_5 [nicolae_spider_hilbert_3_sides_1_open,
          nicolae_spider_hilbert_4_sides_1_open,
          nicolae_spider_hilbert_4_sides_1_open,
          nicolae_spider_hilbert_6_sides_1_open,
          nicolae_spider_hilbert_6_sides_1_open], uniq_jorgrun, uniq_josephine
Spider:2: layout_spider_delve, uniq_arachne, uniq_louise
Spider:3: layout_cave_pods, hangedman_spider_mandibles
Spider:4: floodkiller_spider_rune_tomb, uniq_donald, uniq_agnes
Orc:1:    layout_caves, uniq_nergalle, uniq_urug
Orc:2:    st_orc_open, layout_diamond_mine
Depths:1: layout_cave_shapes, pf_coc_iceberg, abyss_entry, hex_medium,
          zin_statuary, roderic_lattice_octagonal_star
Depths:2: nzn_winding_woodlands_medium [nzn_winding_woodlands_5x5_default,
          nzn_winding_woodlands_5x15_concentric,
          nzn_winding_woodlands_5x5_closed_star,
          nzn_winding_woodlands_5x5_checkerboard,
          nzn_winding_woodlands_center_diamonds,
          nzn_winding_woodlands_5x5_open_star, nzn_winding_woodlands_hourglass,
          nzn_winding_woodlands_5x15_split_checker,
          nzn_winding_woodlands_5x5_cross], layout_cave_shapes, hell_entry,
          serial_bayou, serial_bayou_pond_d, serial_bayou_crossing,
          serial_bayou_shore_b, serial_bayou_ford_a, serial_bayou_shore_b,
          hellmonk_ghost_happy_afterlife, rand_demon_pan_entry_7,
          minmay_stone_trees_small, nicolae_elevator_lobby_asterisk,
          firewood_loft, uniq_nikola

Skill      XL: |  1  2  3  4  5  6  7  8  9 10 11 12 13 14 15 16 17 18 |
---------------+-------------------------------------------------------+-----
Fighting       | 4 5 6 8 9 10 12 13 14 15 17 18 19 | 19.6
Armour         | 4 5 6 8 9 10 11 13 14 15 16 18 19 | 19.5
Axes           | 3 5 6 7 9 10 11 13 14 15 16 17 18 19 | 19.3
Shields        | 4 5 6 7 8 9 10 11 12 13 14 | 14.4
Invocations    | 1 2 3 4 5 6 7 8 9 10 11 | 11.5
Dodging        | 2 3 5 6 7 8 9 10 11 12 | 12.4

Action                     |  1- 3 |  4- 6 |  7- 9 | 10-12 | 13-15 | 16-18 || total
---------------------------+-------+-------+-------+-------+-------+-------++-------
  Melee: War axe           |    94 |    65 |   238 |   442 |  1036 |  1064 ||  2939
         Headbutt          |    16 |    17 |    51 |   111 |   325 |   322 ||   842
 Invoke: Slouch            |       |       |       |     3 |     4 |     7 ||    14
  Evoke: Tin of tremorston |       |       |       |       |       |     1 ||     1
    Use: Scroll            |       |     4 |    10 |    15 |     3 |     7 ||    39
         Potion            |       |       |     1 |     9 |       |     2 ||    12
   Stab: Petrified         |       |       |       |       |     7 |       ||     7
         Confused          |       |       |       |       |     3 |       ||     3
         Petrifying        |       |       |       |       |     2 |       ||     2
 Armour: Scale mail        |    34 |     4 |       |       |       |       ||    38
         Plate armour      |       |    36 |   124 |   177 |   269 |   290 ||   896
         Skin              |       |       |       |    22 |       |       ||    22
  Dodge: Dodged            |    72 |    27 |    98 |   311 |   558 |   535 ||  1601
  Block: Buckler           |    27 |    20 |    69 |   165 |       |       ||   281
         Tower shield      |       |       |       |    45 |  1223 |  1427 ||  2695
